 Dungeon Sprint DCSS version 0.24.0-41-g2ae2f7f1be (webtiles) character file.

Game seed: 1113709873344776040, levelgen mode: deterministic

24165 Groucho the Imperceptible (level 12, -5/69 HPs)
             Began as a Felid Berserker on Dec 16, 2019.
             Was a High Priest of Trog.
             Slain by a spriggan berserker
             ... wielding a +0 rapier
              (10 damage)
             ... in the Dungeon (Sprint IX: "|||||||||||||||||||||||||||||").
             The game lasted 00:29:59 (7900 turns).

Groucho the Imperceptible (Felid Berserker)         Turns: 7900, Time: 00:30:00

Health: -5/69      AC:  3    Str: 15    XL:     12   Next: 78%
Magic:  0/31       EV: 40    Int:  9    God:    Trog [*****.]
Gold:   1040       SH:  0    Dex: 21    Spells: 39/39 levels left
                                        Lives:  0   Deaths: 3

rFire    . . .     SeeInvis +     - Unarmed
rCold    + . .     Gourm    .   (shield unavailable)
rNeg     . . .     Faith    .   (armour unavailable)
rPois    .         Spirit   +   (helmet unavailable)
rElec    .         Reflect  .   (cloak unavailable)
rCorr    .         Harm     .   (gloves unavailable)
MR       +++..     NoTele   +   (boots unavailable)
Stlth    +++++++++.             o - amulet of guardian spirit
HPRegen  1.21/turn              k - +3 ring of dexterity
MPRegen  0.22/turn              l - +2 ring of evasion

@: berserk cooldown, very slightly contaminated, regenerating, slowed, slow
A: very small, no armour, no weapons or thrown items, stealth, claws 1, fangs 3,
see invisible, carnivore, speed 1, shaggy fur 3, slow metabolism 1, sharp paws
a: Berserk, Trog's Hand, Brothers in Arms, Renounce Religion


You were in the Dungeon.
You worshipped Trog.
Trog was extremely pleased with you.
You were not hungry.

You visited 1 branch You collected 1915 gold pieces.
You spent 875 gold pieces at shops.

Inventory:

Jewellery
 k - a +3 ring of dexterity (left paw)
 l - a +2 ring of evasion (right paw)
 o - an amulet of guardian spirit (around neck)
 r - an uncursed ring of protection from fire
 s - an uncursed ring of protection from fire
 t - an uncursed ring of protection from fire
Wands
 j - a wand of iceblast (10)
Scrolls
 d - 3 scrolls of identify
 i - 5 scrolls of remove curse
 p - 7 scrolls of fear
 q - a scroll of immolation
 v - a scroll of fog
Potions
 b - 5 potions of curing
 e - 3 potions of magic
 f - 2 potions of berserk rage
 h - a potion of invisibility
 m - a potion of might
 n - a potion of brilliance
 u - a potion of agility
Comestibles
 a - 16 rations


   Skills:
 + Level 17.7 Fighting
 + Level 21.8 Dodging
 + Level 24.4 Stealth
 + Level 17.6 Unarmed Combat
 + Level 14.0 Spellcasting


You had 39 spell levels left.
You didn't know any spells.
Your spell library was empty.

Dungeon Overview and Level Annotations

Branches:
Dungeon (1/1)

Altars:
Cheibriados
Dithmenos
Elyvilon
Fedhas
Gozag
Hepliaklqana
Kikubaaqudgha
Makhleb
Nemelex Xobeh
Okawaru
Qazlal
Ru
Sif Muna
Trog
Uskayaw
Vehumet
Wu Jian
Xom
Yredelemnul
Zin
The Shining One
Beogh
Jiyva
Lugonu

Shops:
D (?*


Innate Abilities, Weirdness & Mutations

You cannot wear armour.
You are incapable of wielding weapons or throwing items.
Your paws allow you to move quietly. (Stealth)
You have sharp claws.
You have razor-sharp teeth.
You have supernaturally acute eyesight. (SInv)
You are carnivorous and can eat meat at any time.
You cover ground quickly.
Your thick and shaggy fur keeps you warm. (AC +3, rC+)
You have a slow metabolism.
Your sharp claws are effective at attacking unaware monsters.


Message History

Unknown command.
Your troll goes berserk!
You feel quite a bit more hungry.
The spriggan berserker completely misses you.
Your troll bites the spriggan berserker.
Your troll claws the spriggan berserker.
Your troll claws the spriggan berserker!
The spriggan berserker closely misses your troll.
The centaur warrior shoots an arrow.
The arrow barely misses your troll.
The arrow hits the spriggan berserker!!
Your troll closely misses the spriggan berserker.
Your troll claws the spriggan berserker!
Your troll claws the spriggan berserker.
Unknown command.
Unknown command.
The spriggan berserker hits your troll with a +0 rapier!!!
Your troll dies!
Your troll's corpse disappears in a puff of smoke!
The spriggan berserker hits you with a +0 rapier!
You die...

▓.........'...=.)))
▓▓▓▓▓▓▓▓▓▓▓▓▓▓▓▓▓▓▓
▓..................
▓.▓▓▓▓▓▓▓▓▓▓▓▓▓▓♣♣♣
▓...........))..'..
▓▓▓▓▓▓▓▓▓▓▓▓▓▓▓▓♣♣♣
▓..............)...
▓.▓▓▓▓▓▓▓▓▓▓▓▓▓▓▓▓▓
▓T@i(§.c.Y..((c.Y)(
▓▓▓▓▓▓▓▓▓▓▓▓▓▓▓▓▓▓▓
*,,,,,,,,,,,,,,,,,,
*,*****************
*,,,,,,,,,,,,+,,,,,
*******************
*,,,,,,,,,,,,,,,,,,
*,*****************
*,,,,,,,+,,,,,,,,,,


You could see an elephant (berserk), a centaur warrior, a spriggan berserker
(berserk) and a friendly troll (berserk).

Vanquished Creatures
  Frances (D)
  Kirke (D)
  Gastronok (D)
  Donald (D)
  Aizul (D)
  A stone giant (D)
  A vampire knight (D)
  An entropy weaver (D)
  A dire elephant (D)
  An ettin (D)
  3 fire dragons (D)
  Josephine (D)
  Erolcha (D)
  2 hydras (D)
  An ice dragon (D)
  An anaconda (D)
  An ogre mage (D)
  A merfolk aquamancer (D)
  Urug (D)
  A shock serpent (D)
  A fire crab (shapeshifter) (D)
  2 sea snakes (D)
  An unseen horror (D)
  4 swamp dragons (D)
  A mana viper (shapeshifter) (D)
  2 orc knights (D)
  A deep elf mage (D)
  2 orc sorcerers (D)
  A cyclops (D)
  4 moths of wrath (D)
  3 elephants (D)
  A black mamba (D)
  A merfolk siren (D)
  Psyche (D)
  A guardian serpent (D)
  A komodo dragon (D)
  A gargoyle (D)
  A rime drake (D)
  7 spiny frogs (D)
  A yaktaur (D)
  2 merfolk (D)
  A tyrant leech (D)
  2 hornets (D)
  A snapping turtle (D)
  2 slime creatures (D)
  A dream sheep (shapeshifter) (D)
  2 hippogriffs (D)
  2 wyverns (D)
  A tarantella (D)
  A yak (D)
  4 wraiths (D)
  Eustachio (D)
  3 hogs (D)
  A vampire mosquito (D)
  A naga (D)
  11 orc warriors (D)
  A porcupine (D)
  An eye of draining (D)
  An ogre (D)
  A wolf (D)
  A centaur (D)
  A crocodile (D)
  5 bullfrogs (D)
  A wight (D)
  A howler monkey (D)
  4 orc wizards (D)
  5 orc priests (D)
  2 shadow imps (D)
  2 adder skeletons (D)
  8 orcs (D)
  A goblin (D)
  A hobgoblin (D)
  2 kobolds (D)
  A quokka zombie (D)
  A rat (D)
136 creatures vanquished.

Vanquished Creatures (collateral kills)
  A nagaraja (D)
  An entropy weaver (D)
  A dire elephant (D)
  A yaktaur captain (D)
  A naga warrior (D)
  An ice dragon (D)
  A deep troll earth mage (D)
  A deep troll shaman (D)
  A naga sharpshooter (D)
  A spriggan (D)
  A spriggan druid (D)
  A naga ritualist (D)
  A necromancer (D)
  2 wolf spiders (D)
  An ugly thing (D)
  8 orc sorcerers (D)
  3 elephants (D)
  2 yaktaurs (D)
  A demonic crawler (D)
  A jumping spider (D)
  A hornet (D)
  A hippogriff (D)
  A redback (D)
  A shadow (D)
  A crocodile (D)
  An orc wizard (D)
37 creatures vanquished.

Vanquished Creatures (others)
  A vampire mage (D)
  A human (D)
2 creatures vanquished.

Grand Total: 175 creatures vanquished

Notes
Turn   | Place    | Note
-------+----------+-------------------------------------------
     0 | D        | Groucho the Felid Berserker began the quest for the Orb.
     0 | D        | Reached XP level 1. HP: 10/10 MP: 2/2
     6 | D        | Reached skill level 2 in Stealth
     7 | D        | Reached skill level 3 in Stealth
    12 | D        | Reached ** piety under Trog
    12 | D        | Reached skill level 4 in Stealth
   136 | D        | Noticed a howler monkey
   147 | D        | Killed a howler monkey
   147 | D        | Reached skill level 9 in Stealth
   147 | D        | Reached XP level 2. HP: 14/14 MP: 3/3
   147 | D        | Reached XP level 3. HP: 17/17 MP: 4/4
   148 | D        | Reached *** piety under Trog
   157 | D        | Reached skill level 10 in Stealth
   190 | D        | Found a roughly hewn altar of Beogh.
   190 | D        | Found a snail-covered altar of Cheibriados.
   190 | D        | Found a shadowy altar of Dithmenos.
   190 | D        | Found a white marble altar of Elyvilon.
   190 | D        | Found a blossoming altar of Fedhas.
   190 | D        | Found an opulent altar of Gozag.
   191 | D        | Found a hazy altar of Hepliaklqana.
   192 | D        | Found a viscous altar of Jiyva.
   193 | D        | Found an ancient bone altar of Kikubaaqudgha.
   194 | D        | Found a corrupted altar of Lugonu.
   195 | D        | Found a burning altar of Makhleb.
   196 | D        | Found a sparkling altar of Nemelex Xobeh.
   197 | D        | Found an iron altar of Okawaru.
   198 | D        | Found a stormy altar of Qazlal.
   199 | D        | Found a sacrificial altar of Ru.
   200 | D        | Found a shimmering blue altar of Sif Muna.
   201 | D        | Found a bloodstained altar of Trog.
   202 | D        | Found a hide-covered altar of Uskayaw.
   203 | D        | Found a radiant altar of Vehumet.
   204 | D        | Found an ornate altar of the Wu Jian Council.
   205 | D        | Found a shimmering altar of Xom.
   206 | D        | Found a basalt altar of Yredelemnul.
   207 | D        | Found a glowing silver altar of Zin.
   208 | D        | Found a glowing golden altar of the Shining One.
   238 | D        | Noticed an ogre
   238 | D        | Noticed a hornet
   238 | D        | Noticed a hippogriff
   240 | D        | Killed an ogre
   240 | D        | Reached **** piety under Trog
   240 | D        | Reached skill level 11 in Stealth
   240 | D        | Reached XP level 4. HP: 22/22 MP: 5/5
   240 | D        | Reached XP level 5. HP: 25/25 MP: 6/6
   247 | D        | Paralysed by a hornet for 3 turns
   249 | D        | Slain by a hornet
   250 | D        | Reached XP level 4. HP: -5/22 MP: 5/5
   253 | D        | Noticed Erolcha
   261 | D        | Killed Erolcha
   261 | D        | Reached skill level 10 in Dodging
   261 | D        | Reached skill level 14 in Stealth
   261 | D        | Reached XP level 5. HP: 13/30 MP: 6/6
   261 | D        | Gained mutation: You are covered in thick fur. (AC +2)
                  | [Felid growth]
   261 | D        | Reached XP level 6. HP: 15/34 MP: 7/7
   261 | D        | Reached XP level 7. HP: 16/37 MP: 8/8
   787 | D        | Noticed a gargoyle
   787 | D        | Noticed a hippogriff
   787 | D        | Noticed a fire crab
   789 | D        | Killed a fire crab
   789 | D        | Reached skill level 15 in Stealth
   789 | D        | Reached XP level 8. HP: 42/42 MP: 9/9
   791 | D        | Killed a hippogriff
   794 | D        | Killed a gargoyle
   794 | D        | Reached ***** piety under Trog
   798 | D        | Reached skill level 10 in Fighting
   798 | D        | Reached skill level 10 in Unarmed Combat
   805 | D        | Reached skill level 16 in Stealth
   805 | D        | Reached XP level 9. HP: 46/46 MP: 10/10
  1108 | D        | Paralysed by a hornet for 1 turns
  1947 | D        | Noticed a spiny frog
  1948 | D        | Noticed a spiny frog
  1949 | D        | Reached skill level 1 in Spellcasting
  1955 | D        | Noticed a five-headed hydra
  1963 | D        | Killed a spiny frog
  1976 | D        | Killed a five-headed hydra
  1976 | D        | Reached skill level 17 in Stealth
  1996 | D        | Reached ****** piety under Trog
  1996 | D        | Reached XP level 10. HP: 36/52 MP: 3/16
  2002 | D        | Killed a spiny frog
  2400 | D        | Noticed a spiny frog
  2400 | D        | Noticed a spiny frog
  2418 | D        | Killed a spiny frog
  2418 | D        | Reached skill level 5 in Spellcasting
  2425 | D        | Killed a spiny frog
  2427 | D        | Reached skill level 15 in Dodging
  2427 | D        | Reached skill level 18 in Stealth
  2908 | D        | Noticed an elephant
  2908 | D        | Noticed a dire elephant
  2908 | D        | Noticed an elephant
  2908 | D        | Noticed an elephant
  2908 | D        | Noticed an elephant
  2908 | D        | Noticed an elephant
  2910 | D        | Noticed a dire elephant
  2911 | D        | Killed an elephant
  2912 | D        | Noticed an elephant
  2913 | D        | Killed a dire elephant
  2915 | D        | Killed an elephant
  2925 | D        | Killed an elephant
  2933 | D        | Killed a dire elephant
  2933 | D        | Reached XP level 11. HP: 45/57 MP: 16/22
  2940 | D        | Reached skill level 19 in Stealth
  3146 | D        | Noticed Psyche
  3151 | D        | Noticed Gastronok
  3153 | D        | Killed Psyche
  3159 | D        | Killed Gastronok
  3163 | D        | Noticed Eustachio
  3166 | D        | Noticed Urug
  3170 | D        | Killed Eustachio
  3174 | D        | Killed Urug
  3675 | D        | Noticed an orc knight
  3675 | D        | Noticed an orc knight
  3729 | D        | Killed an orc knight
  3743 | D        | Killed an orc knight
  3757 | D        | Reached skill level 20 in Stealth
  3920 | D        | Found Ubiacle's Antique Weapon Emporium.
  3920 | D        | Noticed an orc sorcerer
  3920 | D        | Noticed an orc sorcerer
  3920 | D        | Noticed an orc sorcerer
  3920 | D        | Noticed an orc sorcerer
  3921 | D        | Noticed an orc sorcerer
  3927 | D        | Killed an orc sorcerer
  3939 | D        | Killed an orc sorcerer
  3942 | D        | Killed an orc sorcerer
  3948 | D        | Killed an orc sorcerer
  3951 | D        | Killed an orc sorcerer
  3956 | D        | Found Ejywnieqei's Magic Scroll Shoppe.
  3958 | D        | Noticed an orc sorcerer
  3959 | D        | Found Ichurghakh's General Store.
  3971 | D        | Killed an orc sorcerer
  3977 | D        | Found Waloc's Food Shoppe.
  3979 | D        | Noticed an orc sorcerer
  3980 | D        | Noticed an orc sorcerer
  3981 | D        | Noticed an orc sorcerer
  3982 | D        | Noticed an orc sorcerer
  3988 | D        | Killed an orc sorcerer
  3989 | D        | Noticed a sun demon
  4001 | D        | Killed an orc sorcerer
  4002 | D        | Killed an orc sorcerer
  4021 | D        | Killed an orc sorcerer
  4021 | D        | Gained mutation: Your thick and shaggy fur keeps you warm.
                  | (AC +3, rC+) [Felid growth]
  4021 | D        | Reached XP level 12. HP: 57/64 MP: 24/26
  4101 | D        | Bought a ration for 70 gold pieces
  4101 | D        | Bought a ration for 70 gold pieces
  4101 | D        | Bought a ration for 70 gold pieces
  4101 | D        | Bought a ration for 70 gold pieces
  4101 | D        | Bought a ration for 70 gold pieces
  4101 | D        | Bought a ration for 70 gold pieces
  4101 | D        | Bought a ration for 70 gold pieces
  4103 | D        | Bought a ration for 70 gold pieces
  4103 | D        | Bought a ration for 70 gold pieces
  4105 | D        | Bought a scroll of identify for 20 gold pieces
  4105 | D        | Bought a scroll of immolation for 35 gold pieces
  4105 | D        | Bought a scroll of blinking for 75 gold pieces
  4105 | D        | Bought a scroll of remove curse for 30 gold pieces
  4105 | D        | Bought a scroll of magic mapping for 35 gold pieces
  4105 | D        | Bought a scroll of identify for 20 gold pieces
  4105 | D        | Bought a scroll of remove curse for 30 gold pieces
  4128 | D        | Noticed Josephine
  4168 | D        | Killed Josephine
  4296 | D        | Noticed a vampire knight
  4307 | D        | Noticed a vampire mage
  4308 | D        | Reached skill level 10 in Spellcasting
  4310 | D        | Noticed a fire dragon
  4319 | D        | Killed a vampire knight
  4319 | D        | Reached skill level 21 in Stealth
  4323 | D        | Noticed a fire dragon
  4329 | D        | Noticed an ogre mage
  4334 | D        | Killed a vampire mage
  4344 | D        | Killed a fire dragon
  4348 | D        | Killed an ogre mage
  4355 | D        | Killed a fire dragon
  4355 | D        | Reached skill level 15 in Fighting
  4355 | D        | Reached skill level 15 in Unarmed Combat
  4910 | D        | Noticed Aizul
  4931 | D        | Killed Aizul
  5180 | D        | Reached skill level 22 in Stealth
  5215 | D        | Noticed a merfolk aquamancer
  5219 | D        | Killed a merfolk aquamancer
  5230 | D        | Reached XP level 13. HP: 28/70 MP: 11/29
  5689 | D        | Noticed a nagaraja
  5698 | D        | Killed a nagaraja
  5727 | D        | Killed from afar by a shock serpent
  5728 | D        | Reached XP level 12. HP: -7/66 MP: 0/29
  6131 | D        | Reached skill level 23 in Stealth
  6133 | D        | Noticed an entropy weaver
  6133 | D        | Noticed an entropy weaver
  6135 | D        | Killed an entropy weaver
  6146 | D        | Killed an entropy weaver
  6590 | D        | Noticed Kirke
  6591 | D        | Noticed a four-headed hydra
  6612 | D        | Killed Kirke
  6615 | D        | Killed a four-headed hydra
  6638 | D        | Noticed Frances
  6664 | D        | Killed Frances
  6664 | D        | Reached XP level 13. HP: 64/72 MP: 19/31
  6666 | D        | Noticed Donald
  6677 | D        | Mangled by Donald
  6678 | D        | Reached XP level 12. HP: -9/68 MP: 0/30
  6792 | D        | Killed Donald
  7809 | D        | Noticed a deep troll shaman
  7809 | D        | Noticed a deep troll earth mage
  7809 | D        | Noticed an ice dragon
  7809 | D        | Noticed an ice dragon
  7812 | D        | Killed a deep troll shaman
  7813 | D        | Killed a deep troll earth mage
  7815 | D        | Noticed a stone giant
  7816 | D        | Reached skill level 24 in Stealth
  7819 | D        | Killed an ice dragon
  7820 | D        | Noticed an ettin
  7827 | D        | Noticed a fire dragon
  7828 | D        | Killed an ice dragon
  7836 | D        | Killed a stone giant
  7862 | D        | Noticed a yaktaur captain
  7864 | D        | Killed an ettin
  7871 | D        | Killed a fire dragon
  7883 | D        | Noticed a centaur warrior
  7887 | D        | Killed a yaktaur captain
  7898 | D        | HP: 1/69 [spriggan berserker/+0 rapier (7)]
  7900 | D        | Slain by a spriggan berserker

Levels and vault maps discovered:
D:        linesprint [early_d, line_temple, items_1, d_10, items_2, lair_1,
          lair_end, items_3, orc_1, orc_end, items_4, d_15, swamp_1, shoals_1,
          snake_1, spider_1, d_20, vaults_1, items_5, swamp_end, shoals_end,
          snake_end, spider_end, vaults_end, d_27, items_6, zot_1, zot_end,
          crypt_end, forest_end, elf_end, slime_end, tomb_end, abyss_end,
          pan_hell_end]

Skill      XL: |  1  2  3  4  5  6  7  8  9 10 11 12 13 |
---------------+----------------------------------------+-----
Stealth        | 9 11 14 15 16 17 18 20 24 | 24.4
Fighting       | 4 8 9 10 11 12 14 17 16 | 17.7
Dodging        | 6 10 11 12 14 15 17 21 20 | 21.8
Unarmed Combat | 4 8 9 10 11 12 14 17 16 | 17.6
Spellcasting   | 3 6 9 14 12 | 14.0

Action                   |  1- 3 |  4- 6 |  7- 9 | 10-12 | 13-15 || total
-------------------------+-------+-------+-------+-------+-------++-------
Melee: Unarmed           |    41 |     8 |    72 |   423 |    48 ||   592
       Punch             |     1 |       |     6 |    50 |     5 ||    62
       Bite              |     2 |     2 |    11 |    55 |     9 ||    79
Invok: Trog's Hand       |     1 |     1 |     3 |    10 |     3 ||    18
       Berserk           |     1 |       |     2 |     5 |       ||     8
       Brothers in Arms  |       |       |       |    18 |     3 ||    21
  Use: Potion            |       |       |     2 |     5 |     6 ||    13
       Scroll            |       |       |       |     3 |     2 ||     5
 Stab: Sleeping          |     1 |     1 |     3 |    18 |       ||    23
       Distracted        |       |       |     1 |     3 |     1 ||     5
  Eat: Chunk             |     7 |       |    10 |     7 |       ||    24
       Ration            |       |       |       |     2 |     3 ||     5
Armor: Skin              |       |       |       |     6 |       ||     6
Dodge: Dodged            |    28 |     7 |    76 |   348 |    50 ||   509
